 Dungeon Sprint DCSS version 0.21-a0-216-g6d3fd91 (webtiles) character file.

6873 Kidiri the Unseen (level 10, -1/58 HPs)
             Began as a Spriggan Enchanter on Aug 23, 2017.
             Was the Champion of Dithmenos.
             Slain by a red devil
             ... wielding a +1 demon trident of draining
             ... summoned by an orc high priest
              (14 damage)
             ... in the Dungeon (Sprint IX: "|||||||||||||||||||||||||||||").
             The game lasted 00:12:45 (2646 turns).

Kidiri the Unseen (Spriggan Enchanter)              Turns: 2646, Time: 00:12:46

Health: -1/58      AC:  3    Str: 11    XL:     10   Next: 78%
Magic:  1/9        EV: 35    Int: 19    God:    Dithmenos [******]
Gold:   663        SH:  0    Dex: 22    Spells: 22/34 levels left

rFire    + + +     SeeInvis +   a - +2 rapier of Kismet {antimagic, rF+++ rC- Str+4 Dex+4}
rCold    x . .     Gourm    .   (shield restricted)
rNeg     . . .     Faith    .   t - +0 robe {MR+}
rPois    .         Spirit   .   (helmet restricted)
rElec    .         Reflect  .   o - +0 cloak
rCorr    .         Harm     .   (gloves unavailable)
MR       ++...     NoTele   +   (boots unavailable)
Stlth    ++++++++++             (no amulet)
HPRegen  0.19/turn              p - +3 ring of strength
MPRegen  0.11/turn              q - +2 ring of evasion

@: wreathed by umbra, drained, very quick
A: unfitting armour, see invisible, herbivore 3, speed 3, robust 1, screaming 1,
slow metabolism 2
a: Shadow Step, Shadow Form, Renounce Religion


You were in the Dungeon.
You worshipped Dithmenos.
Dithmenos was exalted by your worship.
You were not hungry.

You visited 1 branch You collected 663 gold pieces.

Inventory:

Hand Weapons
 a - the +2 rapier of Kismet (weapon) {antimagic, rF+++ rC- Str+4 Dex+4}
   (You found it in the Dungeon)

   It reduces the magical energy of the wielder, and disrupts the spells and
   magical abilities of those hit.
   Natural abilities and divine invocations are not affected.
   It affects your strength (+4).
   It affects your dexterity (+4).
   It renders you almost immune to fire.
   It makes you vulnerable to cold.
Armour
 o - a +0 cloak (worn)
 t - a +0 robe of magic resistance (worn)
Jewellery
 p - a +3 ring of strength (left hand)
 q - a +2 ring of evasion (right hand)
Wands
 m - a wand of acid (7/15)
Scrolls
 b - a scroll of brand weapon
 j - 4 scrolls of blinking
 k - 3 scrolls of remove curse
 l - 2 scrolls of amnesia
 r - 4 scrolls of fear
 s - a scroll of identify
Potions
 c - 2 potions of berserk rage
 e - a potion of invisibility
 f - 4 potions of heal wounds
 g - 2 potions of haste
 h - 3 potions of magic
 i - 5 potions of curing
 n - a potion of flight
Comestibles
 d - 13 bread rations
 u - 40 fruits


   Skills:
 + Level 6.4(5.9) Fighting
 * Level 12.0(11.5) Short Blades
 + Level 6.0(5.5) Armour
 * Level 15.1(14.6) Dodging
 * Level 16.6(16.0) Stealth
 * Level 12.9(12.4) Spellcasting
 + Level 10.2(9.7) Hexes
 - Level 4.8(4.3) Invocations


You had 22 spell levels left.
You knew the following spells:

 Your Spells              Type           Power        Failure   Level  Hunger
a - Corona                Hex            #####..      1%          1    None
b - Ensorcelled Hibernat  Hex/Ice        ####..       1%          2    None
c - Confuse               Hex            #####...     1%          3    None
d - Tukima's Dance        Hex            #####...     1%          3    None
e - Dazzling Spray        Conj/Hex       ####..       2%          3    None


Dungeon Overview and Level Annotations

Branches:
Dungeon (1/1)

Altars:
Cheibriados
Dithmenos
Elyvilon
Fedhas
Gozag
Hepliaklqana
Kikubaaqudgha
Makhleb
Nemelex Xobeh
Okawaru
Qazlal
Ru
Sif Muna
Trog
Uskayaw
Vehumet
Wu Jian
Xom
Yredelemnul
Zin
The Shining One
Beogh
Jiyva
Lugonu


Innate Abilities, Weirdness & Mutations

You are very small and have problems with some larger weapons.
You are too small for most types of armour.
You have supernaturally acute eyesight. (SInv)
You are a herbivore.
You cover ground extremely quickly.
You need consume almost no food.
You are robust. (+10% HP)
You occasionally shout uncontrollably at your foes.


Message History

The orc high priest is heavily wounded.
The red devil completely misses you. The hellwing hits you.
* * * LOW HITPOINT WARNING * * *
The hellwing completely misses you.
Unknown command.
You hit the orc high priest but do no damage.
The orc high priest is heavily wounded.
The red devil misses you.
Unknown command.
You hit the orc high priest but do no damage.
The orc high priest is heavily wounded.
Your shadow hits the orc high priest with a rapier.
The orc high priest completely misses you.
The hellwing closely misses you. The hellwing completely misses you.
Unknown command.
You barely miss the orc high priest.
The orc high priest is severely wounded.
Your shadow closely misses the orc high priest.
The red devil hits you from afar with a demon trident of draining!
You die...

▓<...'.....'))...'_______
▓▓▓▓▓▓▓▓▓▓▓▓▓▓▓▓▓▓▓▓▓▓▓▓▓
▓........................
▓.▓▓▓▓▓▓▓▓▓▓▓▓▓▓▓▓▓▓▓▓▓▓▓
▓.......'%.%..)}......'..
▓▓▓▓▓▓▓▓▓▓▓▓▓▓▓▓▓▓▓▓▓▓▓▓▓
▓.........)..............
▓.▓▓▓▓▓▓▓▓▓▓▓▓▓▓▓▓▓▓▓▓▓▓▓
▓....).4@o4o.)'))o[)....o
▓▓▓▓▓▓▓▓▓▓▓▓▓▓▓▓▓▓▓▓▓▓▓▓▓


You could see an orc high priest, a hellwing, a red devil and an orc warrior.

Vanquished Creatures
  A two-headed ogre (D)
  A skeletal warrior (D)
  An orc knight (D)
  2 spiny frogs (D)
  A rime drake (D)
  A komodo dragon (D)
  A troll (D)
  5 polar bears (D)
  4 yaks (D)
  5 water moccasins (D)
  4 porcupines (D)
  3 black bears (D)
  7 orc warriors (D)
  2 ogres (D)
  A crocodile (D)
  A bullfrog (D)
  A quasit (D)
  A hound (D)
  5 orc priests (D)
  An iguana (D)
  3 orc wizards (D)
  A shadow imp (D)
  An adder skeleton (D)
  A leopard gecko (D)
  7 orcs (D)
  3 giant cockroaches (D)
  A hobgoblin (D)
  A quokka (D)
  A rat (D)
67 creatures vanquished.

Vanquished Creatures (others)
  An orc wizard (D)
1 creature vanquished.

Grand Total: 68 creatures vanquished

Notes
Turn   | Place    | Note
-------+----------+-------------------------------------------
     0 | D        | Kidiri the Spriggan Enchanter began the quest for the Orb.
     0 | D        | Reached XP level 1. HP: 9/9 MP: 5/5
    21 | D        | Banished a spatial maelstrom
    59 | D        | Reached skill level 5 in Stealth
    78 | D        | Noticed an orc wizard
    78 | D        | Noticed an ogre
    81 | D        | Reached XP level 2. HP: 13/13 MP: 5/7
    98 | D        | Reached skill level 1 in Fighting
    98 | D        | Reached skill level 1 in Armour
    98 | D        | Reached skill level 5 in Dodging
    98 | D        | Reached skill level 6 in Stealth
    98 | D        | Reached XP level 3. HP: 18/18 MP: 5/9
   106 | D        | Killed an ogre
   106 | D        | Reached skill level 7 in Stealth
   106 | D        | Reached skill level 5 in Spellcasting
   106 | D        | Reached skill level 5 in Hexes
   106 | D        | Reached XP level 4. HP: 23/23 MP: 7/12
   112 | D        | Learned a level 2 spell: Ensorcelled Hibernation
   116 | D        | Learned a level 3 spell: Confuse
   120 | D        | Learned a level 3 spell: Tukima's Dance
   124 | D        | Learned a level 3 spell: Dazzling Spray
   136 | D        | Found a roughly hewn altar of Beogh.
   136 | D        | Found a snail-covered altar of Cheibriados.
   136 | D        | Found a shadowy altar of Dithmenos.
   136 | D        | Found a white marble altar of Elyvilon.
   136 | D        | Found a blossoming altar of Fedhas.
   136 | D        | Found an opulent altar of Gozag.
   137 | D        | Found a hazy altar of Hepliaklqana.
   138 | D        | Found a viscous altar of Jiyva.
   139 | D        | Found an ancient bone altar of Kikubaaqudgha.
   140 | D        | Found a corrupted altar of Lugonu.
   141 | D        | Became a worshipper of Dithmenos the Shadowed
   142 | D        | Found a burning altar of Makhleb.
   143 | D        | Found a sparkling altar of Nemelex Xobeh.
   144 | D        | Found an iron altar of Okawaru.
   145 | D        | Found a stormy altar of Qazlal.
   146 | D        | Found a sacrificial altar of Ru.
   147 | D        | Found a deep blue altar of Sif Muna.
   148 | D        | Found a bloodstained altar of Trog.
   149 | D        | Found a hide-covered altar of Uskayaw.
   150 | D        | Found a radiant altar of Vehumet.
   151 | D        | Found an ornate altar of the Wu Jian Council.
   152 | D        | Found a shimmering altar of Xom.
   153 | D        | Found a basalt altar of Yredelemnul.
   154 | D        | Found a glowing silver altar of Zin.
   155 | D        | Found a glowing golden altar of the Shining One.
   172 | D        | Got the +2 rapier of Kismet {antimagic, rF+++ rC- Str+4 Dex+4}
   289 | D        | Noticed an ogre
   292 | D        | Reached skill level 8 in Stealth
   292 | D        | Reached XP level 5. HP: 26/26 MP: 4/14
   300 | D        | Reached * piety under Dithmenos
   300 | D        | Reached skill level 1 in Invocations
   304 | D        | Reached skill level 5 in Short Blades
   307 | D        | Killed an ogre
   307 | D        | Reached skill level 9 in Stealth
   310 | D        | Reached ** piety under Dithmenos
   367 | D        | Noticed a two-headed ogre
   367 | D        | Noticed a skeletal warrior
   367 | D        | Noticed a troll
   367 | D        | Noticed a komodo dragon
   369 | D        | Killed a two-headed ogre
   369 | D        | Reached skill level 10 in Dodging
   369 | D        | Reached skill level 11 in Stealth
   369 | D        | Reached XP level 6. HP: 33/33 MP: 4/18
   369 | D        | Reached XP level 7. HP: 37/37 MP: 4/20
   415 | D        | Killed a skeletal warrior
   415 | D        | Reached skill level 12 in Stealth
   415 | D        | Reached XP level 8. HP: 29/42 MP: 4/22
   550 | D        | Killed a troll
   703 | D        | Killed a komodo dragon
   703 | D        | Reached *** piety under Dithmenos
   703 | D        | Reached skill level 13 in Stealth
   703 | D        | Reached skill level 10 in Spellcasting
  1022 | D        | Gained mutation: You occasionally shout uncontrollably at your foes. [potion of mutation]
  1022 | D        | Gained mutation: You are robust. (+10% HP) [potion of mutation]
  1049 | D        | Noticed a rime drake
  1050 | D        | Reached XP level 9. HP: 50/50 MP: 8/24
  1055 | D        | Reached **** piety under Dithmenos
  1224 | D        | Reached ***** piety under Dithmenos
  1224 | D        | Reached skill level 5 in Fighting
  1224 | D        | Reached skill level 14 in Stealth
  1248 | D        | Killed a rime drake
  1248 | D        | Reached skill level 10 in Short Blades
  1364 | D        | Noticed a spiny frog
  1365 | D        | Noticed a spiny frog
  1366 | D        | Killed a spiny frog
  1366 | D        | Reached skill level 5 in Armour
  1378 | D        | Reached skill level 15 in Stealth
  1452 | D        | Killed a spiny frog
  1452 | D        | Reached ****** piety under Dithmenos
  1452 | D        | Reached XP level 10. HP: 57/57 MP: 4/26
  1747 | D        | Reached skill level 16 in Stealth
  2139 | D        | Reached skill level 10 in Hexes
  2396 | D        | Noticed an orc knight
  2399 | D        | Noticed an orc high priest
  2404 | D        | Killed an orc knight
  2404 | D        | Reached skill level 15 in Dodging
  2405 | D        | Noticed an orc knight
  2646 | D        | Slain by a red devil

Vault maps used:
D:        linesprint

Skill      XL: |  1  2  3  4  5  6  7  8  9 10 |
---------------+-------------------------------+-----
Hexes          | 4 5 7 8 9 10 | 10.2
Stealth        | 5 6 7 8 11 12 13 15 16 | 16.6
Spellcasting   | 3 5 8 9 10 11 12 | 12.9
Short Blades   | 3 4 7 8 9 10 12 | 12.0
Dodging        | 5 6 10 11 12 13 15 | 15.1
Fighting       | 1 2 3 4 5 6 |  6.4
Armour         | 1 3 4 5 6 |  6.0
Invocations    | 3 4 |  4.8

Action                   |  1- 3 |  4- 6 |  7- 9 | 10-12 || total
-------------------------+-------+-------+-------+-------++-------
Melee: Dagger            |    72 |       |       |       ||    72
       Rapier            |       |    18 |    70 |   112 ||   200
 Cast: Corona            |     9 |       |     2 |     3 ||    14
       Ensorcelled Hiber |       |     2 |    23 |    18 ||    43
       Confuse           |       |       |     9 |     9 ||    18
       Dazzling Spray    |       |       |       |     1 ||     1
  Use: Potion            |     2 |       |     2 |     1 ||     5
 Stab: Sleeping          |       |     4 |    16 |    11 ||    31
       Distracted        |       |     1 |       |     1 ||     2
       Confused          |       |       |     4 |     8 ||    12
Armor: Robe              |     4 |     1 |     1 |       ||     6
Dodge: Dodged            |    65 |     6 |    64 |    86 ||   221

Table legend:
 A = Spawn XP
 B = Non-spawn XP
 C = Spawn XP percentage of total XP
 D = Spawn monster count
 E = Non-spawn monster count
 F = Spawn count percentage of total count
 G = Total turns spent on level
                    A         B        C        D         E        F      G
               +---------+---------+-------+---------+---------+-------+---------
         Total |       0 |    9819 |   0.0 |       0 |      68 |   0.0 |  2646
               +---------+---------+-------+---------+---------+-------+---------
             D |       0 |    9819 |   0.0 |       0 |      68 |   0.0 |  2646
               +---------+---------+-------+---------+---------+-------+---------
